 Dungeon Crawl Stone Soup version 0.31-a0-221-gbddc013574 (webtiles) character file.

Game seed: 779331602058846977

8 MacCMillion the Shooter (level 2, 15/15 HPs)
             Began as a Spriggan Hunter on July 3, 2023.
             Quit the game on level 1 of the Dungeon.
             The game lasted 00:00:20 (177 turns).

MacCMillion the Shooter (Spriggan Hunter)            Turns: 177, Time: 00:00:20

Health: 15/15      AC:  2    Str:  7    XL:     2   Next: 0%
Magic:  3/3        EV: 18    Int: 10    God:
Gold:   26         SH:  0    Dex: 18    Spells: 1/1 levels left

rFire   . . .        a - +0 shortbow
rCold   . . .        (shield currently unavailable)
rNeg    . . .        c - +0 robe
rPois   .            (helmet restricted)
rElec   .            (no cloak)
rCorr   .            (gloves unavailable)
SInv    +            (boots unavailable)
Will    .....        (no amulet)
Stlth   ++           (no ring)
HPRegen 0.22/turn    (no ring)
MPRegen 0.08/turn

%: no passive effects
@: very quick
A: very small, no large weapons, unfitting armour, see invisible, speed 3
a: no special abilities


You were on level 1 of the Dungeon.
You visited 1 branch of the dungeon, and saw 1 of its levels.

You collected 26 gold pieces.

Inventory:

Hand Weapons
 a - a +0 shortbow (weapon)
Armour
 c - a +0 robe (worn)
Scrolls
 b - a scroll of butterflies
Potions
 d - a potion of resistance {unknown}
 e - 2 potions of heal wounds {unknown}


   Skills:
 + Level 1.7 Fighting
 + Level 4.1 Ranged Weapons
 + Level 3.0 Dodging
 + Level 2.1 Stealth


You had one spell level left.
You didn't know any spells.
Your spell library was empty.

Dungeon Overview and Level Annotations

Branches:
Dungeon (1/15)

Altars:


Innate Abilities, Weirdness & Mutations

You are very small and have problems with some larger weapons.
You are too small for most types of armour.
You have supernaturally acute eyesight. (SInv)
You cover ground extremely quickly. (Speed+++)


Message History

There is an open door here.
You open the door.
A frilled lizard comes into view.
You shoot an arrow. The arrow hits the frilled lizard.
You kill the frilled lizard!
No target in view!
You open the door.
There is an open door here.
A frilled lizard comes into view.
You shoot an arrow. The arrow hits the frilled lizard.
You kill the frilled lizard!
No target in view!
Found a stone staircase leading down.
No target in view!
You now have 26 gold pieces (gained 13).
A goblin comes into view. It is wielding a +0 dagger.
You see here a smoky green potion.
You shoot an arrow. The arrow hits the goblin!
You kill the goblin!
No target in view!
d - a smoky green potion
e - 2 coppery potions A frilled lizard comes into view.
You shoot an arrow. The arrow hits the frilled lizard.
You kill the frilled lizard!
No target in view!
You open the door.
There is an open door here.
A dart slug comes into view.
A dart slug is nearby!
You shoot an arrow. The arrow hits the dart slug.
The dart slug is moderately wounded.
You shoot an arrow. The arrow hits the dart slug.
The dart slug is severely wounded.
You shoot an arrow. The arrow hits the dart slug.
You kill the dart slug!
Your Dodging skill increases to level 3!
Your Stealth skill increases to level 2!
You have reached level 2!
Are you sure you want to abandon this character and quit the game? (Confirm with "yes".)

..#.#.. #.# #....#
#.#.#.#.#.###....#
#.#.###.#.. ).####
# #.#.# ...###.
####.##.#.# .#.#
.. ..........# ..
#... #######.###
.#.....
#.#####...#
#.....@.#
#######...#
.#..... .# #### ..
.# .# .#


There were no monsters in sight!

Vanquished Creatures
  A dart slug (D:1)
  An endoplasm (D:1)
  A goblin (D:1)
  4 frilled lizards (D:1)
7 creatures vanquished.

Notes
Turn   | Place    | Note
-------+----------+-------------------------------------------
     0 | D:1      | MacCMillion the Spriggan Hunter began the quest for the
                  | Orb.
     0 | D:1      | Reached XP level 1. HP: 10/10 MP: 2/2
   177 | D:1      | Reached XP level 2. HP: 15/15 MP: 3/3
   177 | D:1      | Quit the game

Illustrated notes

Levels and vault maps discovered:
D:1:      minmay_arrival_arboretum_small, layout_basic,
          hellmonk_ecumenical_altar_inner_sanctum, minmay_misc_feat_room,
          hangedman_abyss_or_decor_lesser_grid

Skill      XL: |  1 |
---------------+----+-----
Dodging        | 3 |  3.0
Stealth        | 2 |  2.1
Fighting       | |  1.7
Ranged Weapons | |  4.1

Action                     || total
---------------------------++-------
   Fire: Shortbow          ||    10

Table legend: (Time is in decaauts)
 A = Elapsed time spent in this place.
 B = Non-inter-level travel time spent in this place.
 C = Inter-level travel time spent in this place.
 D = Time resting spent in this place.
 E = Time spent auto-exploring this place.
 F = Levels seen in this place.
 G = Mean time per level.
                   A        B        C        D        E       F      G
               +--------+--------+--------+--------+--------+-----+--------+
         Total |    116 |    116 |      0 |      0 |     94 |   1 |  116.0 |
       Dungeon |    116 |    116 |      0 |      0 |     94 |   1 |  116.0 |
               +--------+--------+--------+--------+--------+-----+--------+

Top non-repeatable levels by time:
     D:1: 116 daAuts
